 Dungeon Crawl Stone Soup version 0.28.0-45-g0d030f2227 (webtiles) character file.

Game seed: 1820632301126945294

55 pkoi the Ruffian (level 3, 0/43 HPs)
             Began as a Demigod Gladiator on Apr 24, 2022.
             Succumbed to an adder's poison
             ... on level 2 of the Dungeon.
             The game lasted 00:01:49 (1772 turns).

pkoi the Ruffian (Demigod Gladiator)                Turns: 1772, Time: 00:01:49

Health: 0/43       AC: 21    Str: 19    XL:     3   Next: 45%
Magic:  5/5        EV:  2    Int: 10    God:
Gold:   23         SH:  0    Dex: 15    Spells: 2/2 levels left

rFire   . . .      SeeInvis .   k - +1 short sword (venom)
rCold   . . .      Faith    .   (no shield)
rNeg    . . .      Spirit   .   (armour currently unavailable)
rPois   +          Reflect  .   (helmet currently unavailable)
rElec   .          Harm     .   (cloak currently unavailable)
rCorr   .          Rampage  .   (gloves currently unavailable)
Will    .....      NoTele   +   (boots currently unavailable)
Stlth   +.........              (no amulet)
HPRegen 0.14/turn               (no ring)
MPRegen 0.09/turn               (no ring)

@: lethally poisoned (0 -> -6), tree-form
A: stationary, stasis, torment immunity, boosted hp, high MP 1, forlorn, divine
attributes
a: no special abilities


You were on level 2 of the Dungeon.
You were a tree.
You visited 1 branch of the dungeon, and saw 2 of its levels.

You collected 23 gold pieces.

Inventory:

Hand Weapons
 d - a +0 dagger of electrocution
 k - a +1 short sword of venom (weapon)
Missiles
 c - 3 throwing nets (quivered)
 h - 3 javelins
 j - 4 datura-tipped darts
Armour
 a - a +0 leather armour (melded)
 b - a +0 helmet (melded)
Scrolls
 e - a scroll of teleportation {unknown}
 g - a scroll of fear {unknown}
 i - a scroll of amnesia {unknown}
Potions
 f - a potion of might {unknown}
 l - a potion of lignification


   Skills:
 - Level 1.7 Fighting
 - Level 1.7 Throwing
 - Level 2.6 Dodging
 * Level 3.8 Unarmed Combat
 + Level 0.1 Spellcasting
 + Level 0.2 Transmutations
 + Level 1.4 Evocations


You had 2 spell levels left.
You didn't know any spells.
Your spell library contained the following spells:

 Spells                   Type           Power      Damage    Failure   Level
 Portal Projectile        Hex/Tloc       0%         N/A       75%         3
 Blade Hands              Tmut           0%         N/A       100%        5
 Excruciating Wounds      Necr           0%         N/A       100%        5


Dungeon Overview and Level Annotations

Branches:
Dungeon (2/15)


Innate Abilities, Weirdness & Mutations

You are a tree.
Your roots penetrate the ground, keeping you stationary.
You cannot be teleported.
You are immune to unholy pain and torment.
Your maximum health is greatly increased.
Your equipment is partially melded.
You have an increased reservoir of magic. (+10% MP)
You shall have no god before yourself.
Your divine heritage dramatically boosts your attributes as you level up.


Message History

The adder is lightly wounded.
The adder bites you.
* * * LOW HITPOINT WARNING * * *
The adder bites you.
* * * LOW HITPOINT WARNING * * *
You miss the adder.
The adder is lightly wounded.
The adder barely misses you.
You hit the adder.
The adder is poisoned.
The adder is moderately wounded.
The adder bites you.
* * * LOW HITPOINT WARNING * * *
The adder bites you.
* * * LOW HITPOINT WARNING * * *
You miss the adder.
The adder is heavily wounded.
The adder closely misses you.
You hit the adder.
The adder looks as sick as possible!
The adder is almost dead.
You kill the adder!
The adder bites you.
* * * LOW HITPOINT WARNING * * *
Unknown command.
You closely miss the adder. The adder bites you but does no damage.
You miss the adder. The adder misses you.
The adder bites you but does no damage.
Unknown command.
You closely miss the adder. The adder barely misses you.
Unknown command.
You hit the adder but do no damage.
The adder is poisoned.
The adder bites you but does no damage. The adder bites you.
* * * LOW HITPOINT WARNING * * *
You are lethally poisoned!
The adder poisons you!
Unknown command.
It was a potion of lignification.
You turn into a tree.
Your +0 helmet melds into your body.
Your +0 leather armour melds into your body.
Your roots penetrate the ground.
You die...

.#.#.....#....###.#.....
...#.....#.##.# ...... ##
#....##.##.###.... .#
##......##.....#
#####.#.#........#### #
..................#.####
####
........#..#.)##.....#.##
##.#.
##..#.#.#.....##S#......##
##....
##............##♣##......#
#.....
...........†.....###....##
##.... ##......#........#
##....###.....
#.(#.###...####.#
##....#.....# #..#.# ##..#
#.# ##..###..#.# #.##.#
#..# #.# #...#..##.#
#.#### .... ..#
#.......... #. ###.## ###
########### ###


You could see an adder (very poisoned).

Vanquished Creatures
  An adder (D:2)
  2 dart slugs
  6 ball pythons (D:1)
  4 bats
  2 endoplasms
  3 giant cockroaches (D:1)
  4 goblins
  3 hobgoblins (D:1)
  4 jackals (D:1)
  3 kobolds (D:1)
  2 quokkas (D:1)
  A frilled lizard (D:1)
  5 rats
40 creatures vanquished.

Notes
Turn   | Place    | Note
-------+----------+-------------------------------------------
     0 | D:1      | pkoi the Demigod Gladiator began the quest for the Orb.
     0 | D:1      | Reached XP level 1. HP: 17/17 MP: 3/3
   262 | D:1      | Reached skill level 3 in Unarmed Combat
   473 | D:1      | Reached XP level 2. HP: 24/24 MP: 4/4
   564 | D:1      | Reached skill level 1 in Evocations
  1105 | D:1      | Reached XP level 3. HP: 28/29 MP: 5/5
  1771 | D:2      | HP: 1/29 [adder (3)]
  1772 | D:2      | Succumbed to an adder's poison

Illustrated notes

Levels and vault maps discovered:
D:1:      elethiomel_arrival_shortcut, layout_basic,
          hellmonk_ecumenical_altar_pennies_from_heaven, hex_intersection,
          minmay_surrounded
D:2:      layout_basic, nicolae_figureground_sparkle

Skill      XL: |  1  2 |
---------------+-------+-----
Unarmed Combat | 3 |  3.8
Evocations     | 1 |  1.4
Fighting       | |  1.7
Throwing       | |  1.7
Dodging        | |  2.6
Spellcasting   | |  0.1
Transmutations | |  0.2

Action                   || total
-------------------------++-------
Melee: Dagger            ||   105
       Unarmed           ||    12
       Punch             ||     5
       Short sword       ||    31
  Use: Potion            ||     1
 Stab: Sleeping          ||     1
Armor: Leather armour    ||    49
Dodge: Dodged            ||   117
